 Dungeon Crawl Stone Soup version 0.28-a0-199-g298df9dbad (webtiles) character file.

Game seed: 4422854999028083151

14172 siradein the Carver (level 11, -2/85 HPs)
             Began as a Demonspawn Berserker on Aug 20, 2021.
             Was an Elder of Trog.
             Slain by an elephant (11 damage)
             ... on level 2 of the Lair of Beasts.
             The game lasted 00:28:45 (14040 turns).

siradein the Carver (Demonspawn Berserker)         Turns: 14040, Time: 00:28:45

Health: -2/85      AC: 18    Str: 21    XL:     11   Next: 85%
Magic:  0/11       EV: 13    Int:  8    God:    Trog [****..]
Gold:   517        SH:  0    Dex: 13    Spells: 10/10 levels left

rFire   . . .      SeeInvis .   B - +2 long sword (drain)
rCold   . . .      Faith    .   (no shield)
rNeg    . . .      Spirit   +   S - +0 swamp dragon scales
rPois   +          Reflect  .   (no helmet)
rElec   .          Harm     .   d - +2 cloak
rCorr   .          Rampage  .   (gloves unavailable)
Will    .....                   L - +0 pair of boots
Stlth   +.........              D - amulet of guardian spirit
HPRegen 0.24/turn               e - +4 ring of protection
MPRegen 0.12/turn               G - +4 ring of slaying

@: on berserk cooldown, slowed, very slow
A: claws 3, rugged brown scales 1, demonic guardian 1, spiny 1
a: Renounce Religion, Berserk, Trog's Hand, Brothers in Arms


You were on level 2 of the Lair of Beasts.
You worshipped Trog.
Trog was greatly pleased with you.
You visited 2 branches of the dungeon, and saw 13 of its levels.

You collected 517 gold pieces.

Inventory:

Hand Weapons
 B - a +2 long sword of draining (weapon)
 H - a +2 short sword of flaming
Missiles
 n - 5 javelins
 q - 80 poisoned darts (quivered)
Armour
 d - a +2 cloak (worn)
 L - a +0 pair of boots (worn)
 S - +0 swamp dragon scales (worn)
Jewellery
 e - a +4 ring of protection (left claw)
 z - an amulet of the acrobat
 C - a ring of protection from fire
 D - an amulet of guardian spirit (around neck)
 G - a +4 ring of slaying (right claw)
 K - a +6 ring of strength
 N - an amulet of magic regeneration
Wands
 F - a wand of digging (4)
 J - a wand of flame (27)
 R - a wand of iceblast (7)
Scrolls
 g - 2 scrolls of enchant weapon
 h - 2 scrolls of vulnerability {unknown}
 j - 2 scrolls of fear {unknown}
 k - a scroll of noise {unknown}
 l - a scroll of torment {unknown}
 m - 4 scrolls of enchant armour {unknown}
 o - 2 scrolls of immolation {unknown}
 r - a scroll of amnesia {unknown}
 s - 9 scrolls of teleportation {unknown}
 t - 2 scrolls of magic mapping {unknown}
 x - 3 scrolls of acquirement {unknown}
 y - 2 scrolls of holy word
 I - a scroll of blinking {unknown}
 P - a scroll of fog {unknown}
 Q - a scroll of identify
Potions
 a - 5 potions of attraction
 b - 6 potions of heal wounds
 c - 3 potions of curing
 f - 2 potions of lignification
 i - 3 potions of berserk rage
 p - 3 potions of flight
 u - 2 potions of mutation {unknown}
 w - 5 potions of magic {unknown}
 A - a potion of resistance {unknown}
 E - a potion of brilliance {unknown}
 M - a potion of might {unknown}
 O - a potion of haste {unknown}


   Skills:
 + Level 6.5 Fighting
 - Level 14.0 Long Blades
 + Level 5.5 Armour
 + Level 5.5 Dodging
 + Level 5.6 Evocations


You had 10 spell levels left.
You didn't know any spells.
Your spell library was empty.

Dungeon Overview and Level Annotations

Branches:
Dungeon (11/15)            Temple (0/1) D:4            Lair (2/6) D:9
    Orc (0/2) D:11
  Swamp: Lair:2-4    Shoals: Lair:2-4     Snake: Lair:2-4    Spider: Lair:2-4

Altars:
Dithmenos
Elyvilon
Hepliaklqana
Makhleb
Wu Jian
Yredelemnul
The Shining One

Annotations:
D:6 1 runed translucent door, voltaire321's ghost, novice DECj
D:8 2 transporters, Spaninq's ghost, novice DrGl


Innate Abilities, Weirdness & Mutations

You have claws for hands.
You are partially covered in rugged brown scales. (AC +1, +3% HP)
A weak demonic guardian rushes to your aid.
You are partially covered in sharp spines.


Message History

The elephant trunk-slaps you but does no damage.
The cane toad stings you but does no damage.
The elephant tramples you but does no damage.
The elephant barely misses you.
You barely miss the cane toad.
The cane toad is almost dead.
The cane toad stings you but does no damage.
The elephant is struck by your spines. The elephant closely misses you.
The elephant trunk-slaps you but does no damage.
The cane toad is struck by your spines. The cane toad barely misses you.
You riposte.
You hit the cane toad.
The cane toad is almost dead.
The cane toad stings you!
* * * LOW HITPOINT WARNING * * *
The cane toad seems less drained.
The cane toad stings you!
* * * LOW HITPOINT WARNING * * *
A demonic guardian appears!
You are lethally poisoned!
The cane toad poisons you!
Unknown command.
You feel better. The cane toad misses you.
The cane toad is struck by your spines. The cane toad misses you.
Okay, then.
You hit the cane toad.
You kill the cane toad!
Trog accepts your kill.
You can now call in reinforcements.
You hit the elephant but do no damage. You drain the elephant.
The elephant is moderately wounded.
The elephant tramples you.
* * * LOW HITPOINT WARNING * * *
You stumble backwards!
Your white imp hits the elephant.
Your white imp freezes the elephant.
You slash the elephant!
The elephant is moderately wounded.
The elephant barely misses you. The elephant misses you.
Your white imp hits the elephant but does no damage.
You slash the elephant! You drain the elephant.
The elephant is severely wounded.
The elephant is struck by your spines. The elephant tramples you!
You die...

.# #...# ##...# #### #!.#
.###...# #....######P.####..$#
.##....# #.....#........#...#
.###...# #.....#......†....#
..#....# ##....#...####≈..##
.###...## #....#...## ##...#
.###....# #....#...≈####...#
.##....## #..÷[#...........##
..##...# #..@Y............P#
.###...# #...5###.#.#.#.#### .#
#...##### #................#
.###.......# #...PP###....##....#
.............(...................
.................................
.................................
#.##..P.P.###.#P..#.###...#.##.##
########### ## ## ####### #


You could see an elephant (drained, ally target) and a friendly white imp
(summoned).

Vanquished Creatures
  3 hydras
  A boulder beetle (D:9)
  A cyclops (D:11)
  2 gargoyles (D:11)
  4 cane toads
  Maggie (Lair:2)
  2 komodo dragons
  A troll (D:10)
  A dream sheep (Lair:2)
  A wraith (D:10)
  A shadow (D:11)
  Grum (D:11)
  9 yaks
  A steam dragon (D:8)
  2 wyverns
  Menkaure (D:4)
  Edmund (D:5)
  2 water moccasins
  4 orc warriors
  A sky beast (D:6)
  An ice beast (D:6)
  A necrophage (D:8)
  An ogre (D:6)
  7 wolves
  14 centaurs
  2 phantoms (D:5)
  4 kobold brigands
  3 bullfrogs
  3 scorpions
  A water moccasin zombie (D:5)
  3 wights (D:8)
  2 howler monkeys
  An electric eel (Lair:1)
  A bullfrog zombie (D:6)
  4 centaur zombies
  3 hounds
  5 orc priests
  2 centaur skeletons (D:5)
  4 iguanas
  4 gnoll shamans
  6 orc wizards
  3 killer bee zombies
  2 hound skeletons
  4 howler monkey zombies
  24 gnolls
  A howler monkey skeleton (D:7)
  5 adders
  A shadow imp (D:5)
  A dart slug (D:3)
  27 orcs
  4 bats
  An endoplasm (D:2)
  5 giant cockroaches
  4 goblins
  7 hobgoblins
  7 jackals
  21 kobolds
  3 quokkas
  7 ball pythons
  4 frilled lizards
  6 rats
  A spectral orc (D:6)
250 creatures vanquished.

Vanquished Creatures (collateral kills)
  Pikel (D:4)
  An electric eel (Lair:1)
  A wight (D:8)
  An orc priest (D:6)
4 creatures vanquished.

Vanquished Creatures (others)
  10 plants
10 creatures vanquished.

Grand Total: 264 creatures vanquished

Notes
Turn   | Place    | Note
-------+----------+-------------------------------------------
     0 | D:1      | siradein the Demonspawn Berserker began the quest for the
                  | Orb.
     0 | D:1      | Reached XP level 1. HP: 18/18 MP: 1/1
   357 | D:1      | Reached skill level 3 in Long Blades
   454 | D:1      | Found a faded altar of an unknown god.
   553 | D:1      | Gained mutation: You are partially covered in sharp spines.
                  | [demonic ancestry]
   553 | D:1      | Reached XP level 2. HP: 18/24 MP: 2/2
  1377 | D:2      | Gained mutation: You have sharp fingernails. [demonic
                  | ancestry]
  1377 | D:2      | Reached XP level 3. HP: 29/29 MP: 3/3
  1444 | D:2      | Reached ** piety under Trog
  1452 | D:2      | Reached skill level 4 in Long Blades
  2709 | D:3      | Noticed a scorpion
  2714 | D:3      | Killed a scorpion
  2715 | D:3      | Reached skill level 5 in Long Blades
  2715 | D:3      | Gained mutation: You are partially covered in rugged brown
                  | scales. (AC +1, +3% HP) [demonic ancestry]
  2715 | D:3      | Reached XP level 4. HP: 16/36 MP: 4/4
  2785 | D:3      | Reached XP level 5. HP: 8/42 MP: 5/5
  3391 | D:4      | Noticed Menkaure
  3555 | D:4      | Killed Menkaure
  3556 | D:4      | Reached skill level 6 in Long Blades
  3556 | D:4      | Gained mutation: You have very sharp fingernails. [demonic
                  | ancestry]
  3556 | D:4      | Reached XP level 6. HP: 15/48 MP: 6/6
  3866 | D:4      | Found a staircase to the Ecumenical Temple.
  4046 | D:5      | Entered Level 5 of the Dungeon
  4082 | D:5      | Reached *** piety under Trog
  4115 | D:5      | Noticed Edmund
  4130 | D:5      | Killed Edmund
  4131 | D:5      | Reached skill level 7 in Long Blades
  4131 | D:5      | Gained mutation: A weak demonic guardian rushes to your
                  | aid. [demonic ancestry]
  4131 | D:5      | Reached XP level 7. HP: 32/53 MP: 7/7
  4402 | D:5      | Noticed Pikel
  4469 | D:4      | Killed Pikel
  4470 | D:4      | Reached skill level 9 in Long Blades
  4470 | D:4      | Reached XP level 8. HP: 13/59 MP: 8/8
  5349 | D:5      | Found a hazy altar of Hepliaklqana.
  5452 | D:5      | Reached skill level 10 in Long Blades
  6164 | D:6      | Reached skill level 11 in Long Blades
  6164 | D:6      | Reached XP level 9. HP: 63/64 MP: 9/9
  6197 | D:6      | Found a basalt altar of Yredelemnul.
  6397 | D:6      | Found a runed translucent door.
  6402 | D:6      | Noticed voltaire321's ghost (novice DECj)
  6505 | D:6      | Found a shadowy altar of Dithmenos.
  6506 | D:6      | Found an ornate altar of the Wu Jian Council.
  6507 | D:6      | Found a burning altar of Makhleb.
  7105 | D:7      | Reached **** piety under Trog
  7592 | D:8      | Reached skill level 12 in Long Blades
  7847 | D:8      | Found a transporter.
  7848 | D:8      | Noticed Spaninq's ghost (novice DrGl)
  8318 | D:8      | Found a transporter.
  8459 | D:9      | Found a staircase to the Lair.
  8725 | D:9      | Reached skill level 13 in Long Blades
  8738 | D:9      | Gained mutation: You have claws for hands. [demonic
                  | ancestry]
  8738 | D:9      | Reached XP level 10. HP: 59/72 MP: 7/10
  9150 | D:9      | Noticed a boulder beetle
  9186 | D:9      | Killed a boulder beetle
  9497 | D:10     | Entered Level 10 of the Dungeon
  9852 | D:10     | Reached skill level 14 in Long Blades
  9862 | D:10     | Reached skill level 1 in Evocations
 11050 | D:11     | Noticed a cyclops
 11063 | D:11     | Killed a cyclops
 11064 | D:11     | Reached XP level 11. HP: 52/80 MP: 7/11
 11150 | D:11     | Noticed Grum
 11161 | D:11     | Killed Grum
 11274 | D:11     | Found a staircase to the Orcish Mines.
 11566 | D:11     | Reached skill level 5 in Fighting
 12043 | Lair:1   | Entered Level 1 of the Lair of Beasts
 12043 | Lair:1   | Noticed a six-headed hydra
 12156 | Lair:1   | Killed a six-headed hydra
 13804 | Lair:2   | Noticed Maggie
 13820 | Lair:2   | Killed Maggie
 13821 | Lair:2   | Reached skill level 5 in Armour
 13828 | Lair:2   | Reached skill level 5 in Dodging
 13828 | Lair:2   | Reached skill level 5 in Evocations
 14001 | Lair:2   | Noticed a six-headed hydra
 14002 | Lair:2   | Noticed a four-headed hydra
 14014 | Lair:2   | Killed a six-headed hydra
 14024 | Lair:2   | Killed a four-headed hydra
 14025 | Lair:2   | HP: 3/85 [elephant (9)]
 14035 | Lair:2   | HP: 3/85 [cane toad (14)]
 14040 | Lair:2   | Slain by an elephant

Illustrated notes

Levels and vault maps discovered:
D:1:      nzn_arrival_settlement, layout_basic, basic_ecumenical_altar,
          minmay_misc_feat_columns, minmay_octomino_e4
D:2:      layout_basic, grunt_ministairs_15, minivault_5, minmay_misc_feat_iff
D:3:      layout_basic
D:4:      cheibrodos_old_hovel, layout_cave_pools,
          nicolae_elyvilon_peaceful_grove, minmay_temple_entry_slanted,
          chequers_serial_rivers_micro_e, uniq_menkaure
D:5:      layout_loops_cross, mainiacjoe_overflow_alcove_2, serial_park_tiny_2,
          minmay_strange_pillars, minmay_parallelograms, minmay_pentangle,
          uniq_edmund, uniq_pikel
D:6:      layout_gridville, yredelemnul_forgotten_temple_becter,
          grunt_temple_overflow_open, ebering_ghost_sewer_d
D:7:      layout_cave_pools
D:8:      layout_loops_ring, gammafunk_ghost_smash
D:9:      kennysheep_seaside_town, layout_basic, nicolae_overflow_hidden_temple,
          lair_entry_dummy, library_closet, nzn_sisyphean_effort
D:10:     layout_loops_ring
D:11:     layout_roguey, david_orc_2, minmay_misc_feat_room,
          blue_anna_alchemist, uniq_grum
Lair:1:   layout_regular_city, serial_bayou_lagoon_b
Lair:2:   layout_long_grid, swamp_mist_pool, guppyfry_snake_entry_island,
          hangedman_lair_generics_rect, uniq_maggie

Skill      XL: |  1  2  3  4  5  6  7  8  9 10 11 |
---------------+----------------------------------+-----
Long Blades    | 3 5 6 7 9 11 13 14 | 14.0
Armour         | 3 5 |  5.5
Dodging        | 3 5 |  5.5
Evocations     | 3 5 |  5.6
Fighting       | 4 6 |  6.5

Action                   |  1- 3 |  4- 6 |  7- 9 | 10-12 || total
-------------------------+-------+-------+-------+-------++-------
Melee: Falchion          |    77 |       |       |       ||    77
       Scimitar          |    22 |    52 |   199 |       ||   273
       Long sword        |       |       |   133 |   271 ||   404
       Short sword       |       |       |       |    17 ||    17
Invok: Trog's Hand       |       |       |     6 |     9 ||    15
       Berserk           |       |       |     2 |     3 ||     5
  Use: Scroll            |       |       |     5 |     3 ||     8
       Potion            |       |       |       |     2 ||     2
 Stab: Distracted        |       |       |     1 |       ||     1
       Sleeping          |       |       |     1 |       ||     1
Armor: Animal skin       |    11 |       |       |       ||    11
       Ring mail         |    16 |    10 |    20 |       ||    46
       Chain mail        |       |       |    59 |       ||    59
       Robe              |       |       |    62 |    85 ||   147
       Plate armour      |       |       |    11 |       ||    11
       Swamp dragon scal |       |       |       |    31 ||    31
Dodge: Dodged            |    61 |    33 |   174 |   171 ||   439
       Rpst.: Falchion   |    11 |       |       |       ||    11
       Scimitar          |     6 |    12 |    14 |       ||    32
       Long sword        |       |       |    29 |    35 ||    64

Table legend: (Time is in decaauts)
 A = Elapsed time spent in this place.
 B = Non-inter-level travel time spent in this place.
 C = Inter-level travel time spent in this place.
 D = Time resting spent in this place.
 E = Time spent auto-exploring this place.
 F = Levels seen in this place.
 G = Mean time per level.
                   A        B        C        D        E       F      G
               +--------+--------+--------+--------+--------+-----+--------+
         Total |  13980 |  13328 |    652 |    694 |  10636 |  13 | 1075.4 |
       Dungeon |  12094 |  11471 |    623 |    642 |   8997 |  11 | 1099.5 |
          Lair |   1886 |   1857 |     29 |     51 |   1638 |   2 |  943.0 |
               +--------+--------+--------+--------+--------+-----+--------+

Top non-repeatable levels by time:
     D:5: 1604 daAuts
  Lair:1: 1538 daAuts
     D:3: 1467 daAuts
     D:1: 1322 daAuts
    D:11: 1268 daAuts
    D:10: 1233 daAuts
     D:9: 1076 daAuts
     D:6: 1019 daAuts
     D:8: 975 daAuts
     D:2: 817 daAuts
     D:4: 721 daAuts
     D:7: 588 daAuts
  Lair:2: 347 daAuts
